 Dungeon Crawl Stone Soup version 0.22-a0-352-gc608dd7fdd (webtiles) character file.

266 Kriby the Ruffian (level 6, -4/62 HPs)
             Began as a Troll Monk on Apr 14, 2018.
             Slain by a killer bee (9 damage)
             ... on level 3 of the Dungeon.
             The game lasted 00:01:21 (1419 turns).

Kriby the Ruffian (Troll Monk)                      Turns: 1419, Time: 00:01:22

Health: -4/62      AC:  5    Str: 22    XL:     6   Next: 0%
Magic:  5/5        EV: 10    Int:  6    God:
Gold:   31         SH:  0    Dex: 12    Spells: 5/5 levels left

rFire    . . .     SeeInvis .     - Unarmed
rCold    . . .     Gourm    +   (no shield)
rNeg     . . .     Faith    .   a - +0 robe
rPois    .         Spirit   .   (helmet restricted)
rElec    .         Reflect  .   (no cloak)
rCorr    .         Harm     .   (gloves unavailable)
MR       .....                  (boots unavailable)
Stlth    ++........             (no amulet)
HPRegen  0.60/turn              (no ring)
MPRegen  0.09/turn              (no ring)

@: lethally poisoned (-4 -> -18), berserk cooldown, slowed, very slow
A: large, unfitting armour, claws 3, fast metabolism 3, gourmand, regeneration
1, shaggy fur 1, tough skin 2
a: no special abilities


You were on level 3 of the Dungeon.
You were very full.

You visited 1 branch of the dungeon, and saw 3 of its levels.

You collected 31 gold pieces.

Inventory:

Armour
 a - a +0 robe (worn)
Jewellery
 h - a cursed ring of resist corrosion {unknown}
 n - a cursed amulet of inaccuracy {unknown}
Scrolls
 d - 2 scrolls of identify {unknown}
 e - a scroll of noise {unknown}
 i - 2 scrolls of teleportation {unknown}
 k - a scroll of immolation {unknown}
 l - a scroll of enchant weapon {unknown}
Potions
 g - a potion of resistance {unknown}
 j - a potion of curing {unknown}
 m - 2 potions of heal wounds {unknown}
Comestibles
 b - 3 rations


   Skills:
 + Level 3.7 Fighting
 - Level 2.4 Dodging
 - Level 1.0 Stealth
 * Level 5.8 Unarmed Combat


You had 5 spell levels left.
You didn't know any spells.

Dungeon Overview and Level Annotations

Branches:
Dungeon (3/15)

Altars:
Makhleb
Wu Jian


Innate Abilities, Weirdness & Mutations

You are too large for most types of armour.
You have claws for hands.
Your metabolism is lightning-fast.
You like to eat raw meat.
Your natural rate of healing is unusually fast.
You are covered in fur. (AC +1)
You have very tough skin. (AC +2)


Message History

You feel sick. The killer bee barely misses you. The killer bee stings you!
* * * LOW HITPOINT WARNING * * *
You barely miss the killer bee.
The killer bee is heavily wounded.
You feel sick. The killer bee stings you.
* * * LOW HITPOINT WARNING * * *
You scratch the killer bee.
The killer bee is severely wounded.
* * * LOW HITPOINT WARNING * * *
You feel sick. The killer bee stings you.
* * * LOW HITPOINT WARNING * * *
You are too berserk!
You barely miss the killer bee.
The killer bee is severely wounded.
You are no longer berserk.
You are exhausted.
You feel yourself slow down.
* * * LOW HITPOINT WARNING * * *
You feel sick. The killer bee stings you!
You die...

..# ## ### ... #.. ...
#.# #.# #.# #.# #.# #.#
#.#
#####.#####.####.####
#.....##............###
#.....##r##.###.......#
#.....@yy##.##........#
#....)#####.###..[.....
#...........# ##......#
###.######### #......#
#. #.###### #. ##'## #.
##...## .. ##.....## .#
##.......##


You could see 2 killer bees and a rat.

Vanquished Creatures
  2 killer bees (D:3)
  A crimson imp (D:2)
  A hound (D:2)
  4 adders
  2 dart slugs
  2 leopard geckos (D:1)
  An orc (D:3)
  2 bats (D:1)
  2 giant cockroaches (D:1)
  13 goblins
  6 hobgoblins
  9 jackals
  8 kobolds
  2 ball pythons (D:1)
  3 frilled lizards (D:2)
  9 rats
67 creatures vanquished.

Notes
Turn   | Place    | Note
-------+----------+-------------------------------------------
     0 | D:1      | Kriby the Troll Monk began the quest for the Orb.
     0 | D:1      | Reached XP level 1. HP: 22/22 MP: 0/0
   120 | D:1      | Reached XP level 2. HP: 29/29 MP: 1/1
   224 | D:1      | Reached XP level 3. HP: 36/36 MP: 2/2
   451 | D:1      | Reached skill level 4 in Unarmed Combat
   812 | D:2      | Reached XP level 4. HP: 44/45 MP: 3/3
   871 | D:2      | Found a burning altar of Makhleb.
   961 | D:2      | Reached skill level 5 in Unarmed Combat
   961 | D:2      | Reached XP level 5. HP: 51/53 MP: 4/4
  1071 | D:2      | Found an ornate altar of the Wu Jian Council.
  1412 | D:3      | Reached XP level 6. HP: 33/62 MP: 5/5
  1419 | D:3      | Slain by a killer bee

Vault maps used:
D:1:      dpeg_arrival_three_bigger_balls, serial_park_tiny_2
D:2:      lemuel_round_altar, makhleb_grotto_becter, chequers_big_river
D:3:      first_ration

Skill      XL: |  1  2  3  4 |
---------------+-------------+-----
Unarmed Combat | 4 5 |  5.8
Fighting       | 3 |  3.7
Dodging        | |  2.4
Stealth        | |  1.0

Action                   |  1- 3 |  4- 6 || total
-------------------------+-------+-------++-------
Melee: Unarmed           |   105 |    55 ||   160
       Punch             |     2 |     2 ||     4
  Use: Potion            |       |     1 ||     1
 Stab: Sleeping          |     1 |       ||     1
  Eat: Chunk             |    13 |     5 ||    18
Armor: Robe              |    55 |    14 ||    69
Dodge: Dodged            |    61 |    26 ||    87

Table legend:
 A = Spawn XP
 B = Non-spawn XP
 C = Spawn XP percentage of total XP
 D = Spawn monster count
 E = Non-spawn monster count
 F = Spawn count percentage of total count
 G = Total turns spent on level
                    A         B        C        D         E        F      G
               +---------+---------+-------+---------+---------+-------+---------
         Total |       0 |     381 |   0.0 |       0 |      67 |   0.0 |  1419
               +---------+---------+-------+---------+---------+-------+---------
           D:1 |       0 |      63 |   0.0 |       0 |      34 |   0.0 |   700
           D:2 |       0 |     167 |   0.0 |       0 |      25 |   0.0 |   607
           D:3 |       0 |     151 |   0.0 |       0 |       8 |   0.0 |   112
               +---------+---------+-------+---------+---------+-------+---------
